General information
- name: BNet
- type: Ladder team game (AT/RT)
- host: Battle.net
- saver: JacobPinkman
map: Cherryville
- players: 8
- length: 36:07
- speed: Fast
- version: 1.26 W3XP
- replay type: Public
» download(212 KB)
Players
team 1 (loser)
Big_Brain (
purple | 0 APM | 0 actions | 00:05)
JacobPinkman (
red | 76 APM | 2737 actions | 36:07)
6 Death Knight
3 Death Coil
3 Unholy Aura
4 Lich
2 Frost Nova
2 Frost Armor
1 Tauren Chieftain
1 Endurance Aura
» actions
| Assign group hotkey | 36 | |
| Basic commands | 188 | |
| Build / train | 136 | |
| ESC pressed | 1 | |
| Enter build submenu | 32 | |
| Enter hero's abilities submenu | 11 | |
| Give item / drop item | 17 | |
| Remove unit from queue | 1 | |
| Right click | 1033 | |
| Select / deselect | 362 | |
| Select group hotkey | 647 | |
| Use ability | 273 | |
2737 total
» units
| Acolyte | 7 | |
| Ghoul | 4 | |
| Crypt Fiend | 9 | |
| Goblin Shredder | 2 | |
| Meatwagon | 5 | |
| Obsidian Statue | 2 | |
29 total
» upgrades
| Creature Attack | 3 | |
| Burrow | 1 | |
| Creature Carapace | 3 | |
| Web | 1 | |
| Ghoul Frenzy | 1 | |
| Unholy Strength | 3 | |
| Spiked Barricades | 2 | |
| Destroyer Form | 1 | |
| Unholy Armor | 3 | |
| Disease Cloud | 1 | |
| Cannibalize | 1 | |
| Stone Form | 1 | |
| Backpack | 1 | |
| Exhume Corpses | 1 | |
23 total
» buildings
| Crypt | 3 | |
| Graveyard | 1 | |
| Altar of Darkness | 1 | |
| Ziggurat | 13 | |
| Tomb of Relics | 2 | |
| Halls of the Dead | 8 | |
| Nerubian Tower | 11 | |
| Necropolis | 2 | |
| Black Citadel | 3 | |
| Spirit Tower | 22 | |
| Slaughterhouse | 2 | |
| Tauren Totem | 1 | |
69 total
» build order
00:19 Crypt
00:21 Graveyard
00:46 Altar of Darkness
01:02 Ziggurat
01:29 Tomb of Relics
01:32 Tomb of Relics
02:06 Ziggurat
03:56 Halls of the Dead
03:56 Halls of the Dead
04:22 Ziggurat
06:05 Nerubian Tower
06:05 Nerubian Tower
07:06 Necropolis
07:40 Black Citadel
07:40 Black Citadel
08:35 Ziggurat
09:07 Ziggurat
10:40 Nerubian Tower
10:40 Nerubian Tower
10:42 Ziggurat
10:44 Ziggurat
10:45 Ziggurat
10:47 Ziggurat
10:51 Spirit Tower
10:52 Spirit Tower
11:01 Slaughterhouse
11:05 Slaughterhouse
11:11 Crypt
11:13 Crypt
11:38 Nerubian Tower
11:38 Nerubian Tower
11:39 Spirit Tower
11:39 Spirit Tower
11:41 Spirit Tower
11:41 Spirit Tower
11:41 Halls of the Dead
11:42 Halls of the Dead
22:49 Spirit Tower
22:49 Spirit Tower
22:51 Spirit Tower
22:51 Spirit Tower
22:52 Spirit Tower
22:58 Necropolis
25:17 Tauren Totem
26:37 Ziggurat
26:38 Ziggurat
26:39 Ziggurat
26:41 Ziggurat
27:39 Nerubian Tower
27:39 Nerubian Tower
27:39 Nerubian Tower
27:40 Nerubian Tower
27:40 Spirit Tower
27:41 Spirit Tower
27:41 Spirit Tower
27:41 Spirit Tower
27:42 Spirit Tower
27:45 Halls of the Dead
27:46 Halls of the Dead
» items
| Rod of Necromancy | 1 | |
| Orb of Corruption | 2 | |
| Scroll of Town Portal | 1 | |
| Staff of Sanctuary | 1 | |
| Staff of Teleportation | 2 | |
7 total
dagolem (
orange | 37 APM | 1209 actions | 32:50)
5 Archmage
3 Summon Water Elemental
1 Brilliance Aura
1 Blizzard
5 Paladin
1 Holy Light
2 Divine Shield
2 Devotion Aura
» actions
| Basic commands | 3 | |
| Build / train | 140 | |
| Enter build submenu | 22 | |
| Enter hero's abilities submenu | 10 | |
| Give item / drop item | 3 | |
| Right click | 560 | |
| Select / deselect | 359 | |
| Use ability | 112 | |
1209 total
» units
| Peasant | 27 | |
| Footman | 11 | |
| Spell Breaker | 2 | |
| Siege Engine | 6 | |
| Sorceress | 1 | |
| Priest | 3 | |
| Knight | 8 | |
| Flying Machine | 13 | |
| Mortar Team | 3 | |
| Dragonhawk Rider | 8 | |
| Gryphon Rider | 2 | |
84 total
» upgrades
| Defend | 1 | |
| Barrage | 1 | |
| Sorceress Training | 1 | |
| Priest Training | 1 | |
| Lumber Harvesting | 1 | |
| Animal War Training | 1 | |
| Storm Hammers | 1 | |
| Swords | 1 | |
| Cloud | 1 | |
| Fragmentation Shards | 1 | |
| Flare | 1 | |
| Flying Machine Bombs | 1 | |
12 total
» buildings
| Barracks | 1 | |
| Farm | 12 | |
| Altar of Kings | 1 | |
| Town Hall | 1 | |
| Scout Tower | 7 | |
| Arcane Tower | 2 | |
| Lumber Mill | 2 | |
| Guard Tower | 5 | |
| Keep | 4 | |
| Arcane Vault | 1 | |
| Blacksmith | 1 | |
| Castle | 3 | |
| Arcane Sanctum | 1 | |
| Workshop | 2 | |
| Gryphon Aviary | 1 | |
44 total
» build order
00:28 Barracks
00:43 Farm
00:59 Altar of Kings
01:14 Farm
01:50 Farm
02:42 Farm
04:15 Town Hall
04:29 Scout Tower
04:31 Scout Tower
04:37 Scout Tower
05:55 Arcane Tower
05:59 Scout Tower
05:59 Scout Tower
06:06 Lumber Mill
06:20 Scout Tower
06:22 Scout Tower
06:43 Guard Tower
06:44 Guard Tower
06:48 Guard Tower
06:57 Guard Tower
07:23 Keep
07:23 Keep
07:23 Keep
07:45 Arcane Vault
08:46 Blacksmith
08:53 Guard Tower
09:49 Castle
09:49 Castle
09:51 Arcane Sanctum
10:45 Workshop
10:49 Workshop
10:54 Farm
10:55 Farm
10:56 Farm
10:57 Farm
10:58 Farm
11:00 Farm
11:00 Farm
11:01 Farm
12:53 Gryphon Aviary
15:04 Lumber Mill
» items
| Potion of Lesser Invulnerability | 1 | |
| Boots of Speed | 1 | |
| Scroll of Protection | 1 | |
| Scroll of Healing | 1 | |
| Scroll of Town Portal | 3 | |
| Potion of Healing | 1 | |
8 total

»
iamnoobkillme (
yellow | 99 APM | 3407 actions | 34:31)
7 Mountain King
3 Storm Bolt
3 Bash
1 Avatar
4 Tauren Chieftain
2 War Stomp
2 Endurance Aura
2 Shadow Hunter
1 Hex
1 Healing Wave
4 Paladin
2 Holy Light
1 Divine Shield
1 Devotion Aura
» actions
| Assign group hotkey | 38 | |
| Basic commands | 22 | |
| Build / train | 180 | |
| Enter build submenu | 60 | |
| Enter hero's abilities submenu | 17 | |
| Give item / drop item | 3 | |
| Remove unit from queue | 2 | |
| Right click | 1407 | |
| Select / deselect | 687 | |
| Select group hotkey | 785 | |
| Use ability | 206 | |
3407 total
» units
| Peasant | 17 | |
| Peon | 9 | |
| Footman | 10 | |
| Grunt | 9 | |
| Goblin Shredder | 1 | |
| Goblin Zeppelin | 1 | |
| Goblin Sapper | 1 | |
| Troll Batrider | 20 | |
| Flying Machine | 17 | |
85 total
» upgrades
| Spiked Barricades | 1 | |
| Pillage | 1 | |
| Defend | 1 | |
| Masonry | 3 | |
| Lumber Harvesting | 2 | |
| Berserker Strength | 1 | |
| Backpack | 1 | |
| Reinforced Defenses | 1 | |
| Liquid Fire | 1 | |
| Flak Cannons | 1 | |
| Fragmentation Shards | 1 | |
| Flare | 1 | |
| Barrage | 1 | |
| Gunpowder | 2 | |
| Plating | 1 | |
| Ensnare | 1 | |
| Envenomed Spears | 1 | |
| War Drums Damage Increase | 1 | |
| Animal War Training | 1 | |
| Pulverize | 1 | |
24 total
» buildings
| Altar of Kings | 2 | |
| Altar of Storms | 1 | |
| Barracks | 2 | |
| Farm | 18 | |
| Orc Burrow | 6 | |
| War Mill | 1 | |
| Lumber Mill | 1 | |
| Arcane Vault | 2 | |
| Voodoo Lounge | 1 | |
| Scout Tower | 11 | |
| Watch Tower | 8 | |
| Arcane Tower | 2 | |
| Keep | 3 | |
| Guard Tower | 6 | |
| Stronghold | 1 | |
| Town Hall | 2 | |
| Fortress | 1 | |
| Blacksmith | 2 | |
| Beastiary | 4 | |
| Castle | 2 | |
| Workshop | 3 | |
| Tauren Totem | 3 | |
82 total
» build order
00:09 Altar of Kings
00:19 Altar of Storms
00:24 Barracks
00:33 Farm
00:42 Barracks
00:50 Orc Burrow
01:11 Farm
01:25 War Mill
01:43 Farm
01:50 Lumber Mill
02:05 Orc Burrow
02:20 Arcane Vault
02:41 Orc Burrow
02:53 Voodoo Lounge
03:10 Farm
03:15 Scout Tower
03:25 Watch Tower
03:39 Farm
03:47 Arcane Tower
03:55 Farm
04:02 Farm
04:05 Scout Tower
04:25 Watch Tower
04:37 Keep
05:18 Guard Tower
05:27 Stronghold
06:11 Watch Tower
06:19 Town Hall
06:25 Scout Tower
06:26 Scout Tower
06:26 Scout Tower
06:27 Scout Tower
07:44 Arcane Tower
07:45 Guard Tower
07:48 Arcane Vault
08:44 Fortress
08:47 Orc Burrow
09:05 Blacksmith
11:38 Beastiary
11:40 Beastiary
11:54 Castle
11:57 Workshop
11:58 Workshop
11:59 Workshop
12:32 Beastiary
13:46 Orc Burrow
13:50 Orc Burrow
13:53 Watch Tower
14:08 Farm
14:09 Farm
16:36 Beastiary
16:55 Farm
16:55 Farm
17:04 Scout Tower
17:05 Scout Tower
17:50 Guard Tower
17:53 Scout Tower
18:16 Scout Tower
18:21 Guard Tower
18:35 Guard Tower
21:06 Guard Tower
23:17 Altar of Kings
24:08 Farm
24:08 Farm
24:09 Farm
24:09 Farm
24:40 Tauren Totem
24:44 Tauren Totem
24:51 Keep
24:57 Farm
25:00 Farm
25:01 Farm
26:23 Watch Tower
26:27 Watch Tower
26:31 Watch Tower
26:36 Watch Tower
27:17 Castle
28:12 Blacksmith
29:01 Tauren Totem
31:19 Town Hall
» items
| Scroll of Regeneration | 2 | |
| Healing Salve | 6 | |
| Scroll of Speed | 2 | |
| Lesser Clarity Potion | 3 | |
| Staff of Teleportation | 3 | |
| Scroll of Healing | 2 | |
| Scroll of Protection | 1 | |
| Scroll of Town Portal | 6 | |
| Staff of Sanctuary | 1 | |
| Potion of Healing | 3 | |
| Orb of Lightning | 1 | |
| Potion of Mana | 3 | |
33 total
team 2 (winner)
OoBabyShesGotIt (
pink | 60 APM | 2151 actions | 36:07)
9 Archmage
3 Summon Water Elemental
3 Brilliance Aura
1 Mass Teleport
2 Blizzard
4 Mountain King
2 Bash
1 Avatar
1 Thunder Clap
» actions
| Assign group hotkey | 54 | |
| Basic commands | 52 | |
| Build / train | 95 | |
| Enter build submenu | 37 | |
| Enter hero's abilities submenu | 14 | |
| Give item / drop item | 11 | |
| Right click | 774 | |
| Select / deselect | 576 | |
| Select group hotkey | 352 | |
| Use ability | 186 | |
2151 total
» units
| Peasant | 14 | |
| Footman | 4 | |
| Goblin Shredder | 1 | |
| Gryphon Rider | 13 | |
| Goblin Sapper | 4 | |
36 total
» upgrades
| Masonry | 4 | |
| Storm Hammers | 1 | |
| Swords | 4 | |
| Armor | 4 | |
| Animal War Training | 1 | |
| Cloud | 1 | |
15 total
» buildings
| Altar of Kings | 1 | |
| Barracks | 1 | |
| Farm | 8 | |
| Scout Tower | 19 | |
| Arcane Tower | 1 | |
| Keep | 1 | |
| Town Hall | 1 | |
| Arcane Vault | 2 | |
| Lumber Mill | 1 | |
| Castle | 1 | |
| Guard Tower | 5 | |
| Gryphon Aviary | 4 | |
| Blacksmith | 2 | |
47 total
» build order
00:51 Altar of Kings
00:53 Barracks
00:55 Farm
00:56 Farm
00:58 Farm
01:06 Farm
01:46 Farm
02:51 Scout Tower
03:26 Arcane Tower
04:04 Keep
04:07 Town Hall
04:20 Arcane Vault
06:14 Lumber Mill
06:51 Castle
06:58 Scout Tower
06:58 Scout Tower
06:58 Scout Tower
07:00 Scout Tower
07:00 Scout Tower
07:00 Scout Tower
08:25 Guard Tower
09:03 Gryphon Aviary
09:04 Gryphon Aviary
09:05 Gryphon Aviary
09:07 Gryphon Aviary
10:11 Blacksmith
10:13 Blacksmith
10:29 Farm
14:26 Farm
14:28 Farm
17:00 Scout Tower
17:00 Scout Tower
17:00 Scout Tower
17:02 Scout Tower
17:03 Scout Tower
17:04 Scout Tower
17:06 Scout Tower
17:06 Scout Tower
17:08 Scout Tower
17:09 Scout Tower
17:10 Scout Tower
17:45 Arcane Vault
17:53 Guard Tower
18:02 Guard Tower
18:02 Guard Tower
19:56 Guard Tower
» items
| Scroll of Regeneration | 2 | |
| Mechanical Critter | 3 | |
| Lesser Clarity Potion | 1 | |
| Scroll of Town Portal | 2 | |
| Potion of Lesser Invulnerability | 3 | |
| Periapt of Vitality | 3 | |
| Boots of Speed | 2 | |
| Staff of Sanctuary | 1 | |
| Potion of Healing | 2 | |
| Staff of Teleportation | 1 | |
20 total
ARIAL-SONIC. (
green | 47 APM | 1708 actions | 36:07)
8 Paladin
3 Holy Light
3 Divine Shield
1 Resurrection
1 Devotion Aura
1 Mountain King
1 Storm Bolt
» actions
| Assign group hotkey | 26 | |
| Basic commands | 4 | |
| Build / train | 78 | |
| Enter build submenu | 26 | |
| Enter hero's abilities submenu | 9 | |
| Give item / drop item | 1 | |
| Right click | 633 | |
| Select / deselect | 278 | |
| Select group hotkey | 535 | |
| Use ability | 118 | |
1708 total
» units
| Peasant | 15 | |
| Gryphon Rider | 14 | |
| Wisp | 5 | |
34 total
» upgrades
| Lumber Harvesting | 2 | |
| Masonry | 2 | |
| Storm Hammers | 2 | |
| Animal War Training | 1 | |
| Swords | 1 | |
| Armor | 1 | |
9 total
» buildings
| Altar of Kings | 1 | |
| Farm | 13 | |
| Lumber Mill | 2 | |
| Keep | 1 | |
| Scout Tower | 6 | |
| Arcane Tower | 1 | |
| Arcane Vault | 3 | |
| Town Hall | 1 | |
| Guard Tower | 4 | |
| Castle | 1 | |
| Gryphon Aviary | 4 | |
| Blacksmith | 1 | |
| Barracks | 1 | |
| Tree of Life | 1 | |
40 total
» build order
00:12 Altar of Kings
00:27 Farm
01:16 Farm
01:31 Lumber Mill
02:13 Keep
02:22 Scout Tower
02:51 Arcane Tower
02:55 Farm
03:07 Arcane Vault
03:28 Farm
05:05 Town Hall
05:08 Scout Tower
05:08 Scout Tower
06:13 Guard Tower
07:10 Scout Tower
07:10 Scout Tower
07:11 Scout Tower
07:25 Guard Tower
07:28 Castle
07:34 Gryphon Aviary
07:37 Gryphon Aviary
07:56 Gryphon Aviary
08:03 Guard Tower
08:13 Guard Tower
08:57 Gryphon Aviary
09:02 Farm
09:03 Farm
10:13 Blacksmith
10:39 Barracks
11:25 Farm
11:26 Farm
11:26 Farm
12:03 Farm
12:03 Farm
12:04 Farm
12:06 Farm
19:36 Tree of Life
23:15 Lumber Mill
31:22 Arcane Vault
33:46 Arcane Vault
» items
| Ivory Tower | 4 | |
| Scroll of Regeneration | 3 | |
| Lesser Clarity Potion | 1 | |
| Staff of Teleportation | 1 | |
| Boots of Speed | 1 | |
| Potion of Mana | 3 | |
| Staff of Sanctuary | 1 | |
| Scroll of Town Portal | 2 | |
| Orb of Fire | 1 | |
17 total
croque (
blue | 32 APM | 529 actions | 16:17)
3 Priestess of the Moon
2 Searing Arrows
1 Trueshot Aura
1 Keeper of the Grove
1 Entangling Roots
» actions
| Build / train | 66 | |
| Enter build submenu | 14 | |
| Enter hero's abilities submenu | 4 | |
| Remove unit from queue | 1 | |
| Right click | 198 | |
| Select / deselect | 223 | |
| Use ability | 23 | |
529 total
» units
| Wisp | 17 | |
| Archer | 9 | |
| Huntress | 16 | |
| Gryphon Rider | 3 | |
| Rifleman | 6 | |
| Peasant | 4 | |
| Footman | 2 | |
57 total
» buildings
| Altar of Elders | 1 | |
| Moon Well | 4 | |
| Ancient of War | 1 | |
| Hunter's Hall | 1 | |
| Tree of Ages | 1 | |
| Tree of Life | 1 | |
| Ancient Protector | 2 | |
| Tree of Eternity | 1 | |
| Farm | 2 | |
| Ancient of Wind | 1 | |
15 total
» build order
00:06 Altar of Elders
00:09 Moon Well
00:39 Ancient of War
01:27 Moon Well
02:22 Moon Well
03:20 Moon Well
03:57 Hunter's Hall
05:11 Tree of Ages
06:38 Tree of Life
08:22 Ancient Protector
08:28 Ancient Protector
11:08 Tree of Eternity
12:44 Farm
15:15 Ancient of Wind
15:44 Farm
OsamaBinDrinkin (
teal | 129 APM | 1453 actions | 11:15)
3 Mountain King
2 Storm Bolt
1 Bash
» actions
| Assign group hotkey | 68 | |
| Basic commands | 11 | |
| Build / train | 75 | |
| Enter build submenu | 18 | |
| Enter hero's abilities submenu | 3 | |
| Right click | 726 | |
| Select / deselect | 147 | |
| Select group hotkey | 362 | |
| Use ability | 43 | |
1453 total
» units
» upgrades
| Defend | 1 | |
| Masonry | 1 | |
| Swords | 1 | |
| Armor | 1 | |
| Lumber Harvesting | 1 | |
5 total
» buildings
| Altar of Kings | 1 | |
| Farm | 5 | |
| Barracks | 1 | |
| Town Hall | 1 | |
| Arcane Vault | 1 | |
| Scout Tower | 5 | |
| Lumber Mill | 1 | |
| Keep | 5 | |
| Arcane Tower | 1 | |
| Blacksmith | 1 | |
| Guard Tower | 4 | |
| Castle | 3 | |
| Gryphon Aviary | 3 | |
32 total
» build order
00:05 Altar of Kings
00:08 Farm
00:17 Barracks
00:54 Farm
02:12 Farm
03:30 Town Hall
04:46 Arcane Vault
05:08 Scout Tower
05:09 Scout Tower
05:10 Scout Tower
05:15 Scout Tower
05:15 Scout Tower
05:28 Lumber Mill
06:00 Keep
06:01 Keep
06:01 Keep
06:14 Arcane Tower
06:33 Blacksmith
06:59 Guard Tower
07:00 Guard Tower
07:00 Guard Tower
08:33 Castle
08:34 Castle
08:47 Farm
08:48 Farm
08:56 Gryphon Aviary
08:57 Gryphon Aviary
09:20 Gryphon Aviary
» items
| Scroll of Regeneration | 1 | |
| Lesser Clarity Potion | 1 | |
2 total
Chat log
(00:35 / Allies) dagolem: ill mass
(02:21 / All) OoBabyShesGotIt: GREEN GIVES OUT BJS FOR JRPGS
(02:25 / All) JacobPinkman: I'm in the Appalachian mountains in a place with almost no one here ad have
(02:29 / All) JacobPinkman: 50 mbps unlimited internet
(02:34 / All) ARIAL-SONIC.: how
(02:39 / All) OoBabyShesGotIt: TERRORIST
(02:40 / All) OoBabyShesGotIt: TERRORIST
(02:42 / All) JacobPinkman: fucking appalachia nigga
(02:42 / All) OoBabyShesGotIt: TERRORIST
(02:44 / All) OoBabyShesGotIt: QUEER
(03:00 / All) ARIAL-SONIC.: didnt know u were sitll in our country
(03:07 / All) OsamaBinDrinkin: hi
(03:13 / All) JacobPinkman: staying tl the 1st]
(04:29 / All) OsamaBinDrinkin: im not a terrorist
(04:57 / All) ARIAL-SONIC.: the irony
(10:36 / All) JacobPinkman: hero focusing dummy
(10:51 / All) OoBabyShesGotIt: hero focusing trash lmao
(11:24 / All) OoBabyShesGotIt: teal was trash lol
(13:09 / All) JacobPinkman: lol
(13:12 / All) JacobPinkman: 4 claws on this lich
(13:15 / All) JacobPinkman: should've gone orc
(13:28 / All) JacobPinkman: +24
(13:30 / All) JacobPinkman: 4 +6 claws
(16:32 / All) JacobPinkman: +36 damage on lich
(16:34 / All) JacobPinkman: 5 claws
(16:38 / All) JacobPinkman: 4 claws +6 and a claw +9
(16:39 / All) JacobPinkman: lol
(16:58 / All) JacobPinkman: +38 with orb of corruption
(17:26 / All) ARIAL-SONIC.: total dam in lich?
(17:44 / All) JacobPinkman: +38 I told you
(20:39 / Allies) dagolem: dude stop
(20:42 / Allies) dagolem: were winning
(23:41 / Allies) dagolem: hit main???
(25:46 / Allies) dagolem: little help here
(26:02 / All) ARIAL-SONIC.: oj lost a full army to 3 heoes
(26:20 / Allies) dagolem: there all afk
(26:25 / Allies) dagolem: and feed u
(26:26 / Allies) JacobPinkman: hm?
(26:32 / Allies) dagolem: fucking gay
(26:39 / Allies) dagolem: 4 people afk
(26:45 / Allies) dagolem: this is bullshit
(26:45 / Allies) JacobPinkman: who?
(26:57 / Allies) dagolem: finish this shit man
(27:00 / All) JacobPinkman: Orange says 4 people are afk and feedinhg you not sure who he's talking about
(27:03 / Allies) JacobPinkman: what?
(27:06 / Allies) JacobPinkman: I don't understand
(27:17 / All) ARIAL-SONIC.: ur right
(27:19 / All) ARIAL-SONIC.: that makes no sense
(27:38 / All) dagolem: first time i see them
(27:44 / All) dagolem: all lvl 6 and up
(27:55 / All) ARIAL-SONIC.: our heros u mean?
(27:57 / All) dagolem: what the fuck is going on
(28:03 / All) ARIAL-SONIC.: hacks oj
(28:08 / All) dagolem: no action on 2 bases
(28:21 / All) JacobPinkman: Beep boop, I am a bot made to assist the enemy team in their victory
(28:23 / All) dagolem: dude has sat for last 8 min
(28:43 / All) ARIAL-SONIC.: orange , u lost your 80 food army to 3 heroes
(28:46 / All) dagolem: ya im out
(28:51 / All) JacobPinkman: beep boop
(28:54 / All) JacobPinkman: beep boop
(29:01 / All) dagolem: no shit all lvl 7 eassy
(29:06 / All) dagolem: bla bla bla
(29:11 / All) OoBabyShesGotIt: yellow mh?
(29:12 / All) JacobPinkman: boop boop beep
(29:26 / All) OoBabyShesGotIt: why yellow went after me?
(29:33 / All) dagolem: ohh see were ya lvled
(29:50 / All) dagolem: fuck this 40 loses to bullshit
(30:12 / All) JacobPinkman: If you have 40 losses to bullshit you probbaly have 40 wins from bullshit too
(30:28 / All) ARIAL-SONIC.: 40 loses to bullshit lol
(30:38 / All) dagolem: na
(30:49 / All) dagolem: how would u feel if blow up bases
(30:59 / All) ARIAL-SONIC.: wat
(31:02 / All) ARIAL-SONIC.: english?
(31:05 / All) dagolem: and look and the two that are left against u
(31:11 / All) ARIAL-SONIC.: trump 2016?
(31:11 / All) JacobPinkman: Let me know if you need tp staff aid
(31:14 / All) JacobPinkman: I have two staffs
(31:37 / All) dagolem: its the same five players that help on this bs shit
(31:45 / All) ARIAL-SONIC.: wat
(31:48 / All) OoBabyShesGotIt: actually go ahead and kill it
(31:49 / All) JacobPinkman: lol
(31:52 / All) ARIAL-SONIC.: whose he talking about wtf
(31:58 / All) JacobPinkman: It kept attacking me
(32:04 / All) dagolem: fuck u scrub
(32:12 / All) OoBabyShesGotIt: it must have attacked on its way to rally
(32:20 / All) dagolem: i guess throw matches on your team every timee
(32:26 / All) JacobPinkman: chased my lich halfway across the map lawl
(33:16 / All) JacobPinkman: Yellow is like a real bot
(33:20 / All) JacobPinkman: keeps trying even when it's lost
(33:39 / All) OoBabyShesGotIt: orange lost to tri hero lawl
(33:46 / All) OoBabyShesGotIt: in his base
(33:49 / All) OoBabyShesGotIt: with full army
(33:52 / All) OoBabyShesGotIt: and heroes
(33:59 / All) ARIAL-SONIC.: an mk pally am from 3 diff players
(34:36 / All) JacobPinkman: stats the teams?
(34:43 / All) ARIAL-SONIC.: uh
(34:49 / All) ARIAL-SONIC.: blue 41-56
(34:57 / All) JacobPinkman: purple 0-2
(35:00 / All) ARIAL-SONIC.: teal 41-52
(35:05 / All) ARIAL-SONIC.: this was real low ell
(35:15 / All) JacobPinkman: Orange 199-227 solo, 89-105 team lol
(35:25 / All) JacobPinkman: yellow 105-113
(35:29 / All) JacobPinkman: pathetic records
(35:37 / All) ARIAL-SONIC.: i vote ur team although teal was mean to pink
(35:52 / All) JacobPinkman: My team is 3 legit
(35:57 / All) JacobPinkman: so it loses
(35:58 / All) OoBabyShesGotIt: kill the bot
(36:01 / All) OoBabyShesGotIt: bot lose